 Dungeon Crawl Stone Soup version 0.22-a0-858-g985ef60 (console) character file.

90759 removed the Basher (level 15, -3/143 HPs)
             Began as a Demigod Summoner on July 27, 2018.
             Slain by Agnes
             ... wielding a +2 lajatang of distortion
              (20 damage)
             ... on level 15 of the Dungeon.
             The game lasted 01:32:15 (36145 turns).

removed the Basher (Demigod Summoner)              Turns: 36145, Time: 01:32:16

Health: -3/143     AC: 14    Str:  8    XL:     15   Next: 12%
Magic:  9/32       EV: 17    Int: 40    God:
Gold:   1935       SH:  7    Dex: 16    Spells: 15/32 levels left

rFire    + + .     SeeInvis +   a - +1 demon whip (pain)
rCold    + . .     Gourm    .   m - +2 buckler {rPois}
rNeg     . . .     Faith    +   N - +3 leather armour "Kejaw" {rCorr}
rPois    +         Spirit   .   q - +2 helmet {Int+3}
rElec    +         Reflect  .   i - scarf {rC+ rF+}
rCorr    +         Harm     .   M - +2 pair of gloves
MR       +....                  t - +1 pair of boots
Stlth    ++........             I - amulet of faith
HPRegen  1.33/turn              o - ring "Cikhlia" {Str-3 Int+8 SInv}
MPRegen  0.23/turn              y - ring of Eqegemes {rElec rF+}

@: regenerating, slowed, very slow
A: blurry vision 1, high mp 1, robust 1
a: no special abilities


You were on level 15 of the Dungeon.
You were not hungry.

You visited 3 branches of the dungeon, and saw 23 of its levels.
You also visited: Labyrinth and Ice Cave.

You collected 2140 gold pieces.
You spent 205 gold pieces at shops.

Inventory:

Hand Weapons
 a - a +1 demon whip of pain (weapon)
 g - a +7 blowgun
 u - the +8 demon blade "Leech" {vamp, rN+ AC-3 EV-3}
   (You found it on level 14 of the Dungeon)

   It inflicts no extra harm, but heals its wielder when it wounds a living foe.
   It affects your AC (-3).
   It affects your evasion (-3).
   It protects you from negative energy.
Missiles
 d - 19 stones (quivered)
 s - 25 curare-tipped needles
 O - a throwing net
Armour
 i - a scarf of resistance (worn)
 m - a +2 buckler of poison resistance (worn)
 q - a +2 helmet of intelligence (worn)
 t - a +1 pair of boots (worn)
 M - a +2 pair of gloves (worn)
 N - the +3 leather armour "Kejaw" (worn) {rCorr}
   (You found it on level 5 of the Dungeon)

   It provides partial protection from all sources of acid and corrosion.
 V - a +0 helmet of see invisible
 W - a scarf of cloud immunity
 X - a +1 cloak of poison resistance
Jewellery
 e - an uncursed ring of protection from fire
 o - the ring "Cikhlia" (left hand) {Str-3 Int+8 SInv}
   (You found it on level 6 of the Lair of Beasts)

   [ring of see invisible]

   It affects your strength (-3).
   It affects your intelligence (+8).
   It lets you see invisible.
 x - an uncursed ring of protection from cold
 y - the ring of Eqegemes (right hand) {rElec rF+}
   (You took it off an orc on level 8 of the Dungeon)

   [ring of protection from fire]

   It protects you from fire.
   It insulates you from electricity.
 z - an uncursed ring of positive energy
 I - an amulet of faith (around neck)
 K - an uncursed ring of magical power
 L - an uncursed ring of protection from cold
Wands
 B - a wand of acid (10)
 S - a wand of digging (21)
 Y - a wand of clouds (4)
 Z - a wand of paralysis (24)
Scrolls
 h - 2 scrolls of holy word
 j - a scroll of fog
 l - 5 scrolls of identify
 n - 8 scrolls of remove curse
 p - 8 scrolls of teleportation
 R - a scroll of fear
 U - 6 scrolls of enchant armour
Potions
 f - a potion of resistance
 k - a potion of haste
 v - a potion of mutation
 w - 2 potions of brilliance
 A - 3 potions of cancellation
 D - 3 potions of magic
 E - 6 potions of flight
 F - a potion of ambrosia
 G - 3 potions of invisibility
 H - 4 potions of might
 J - 4 potions of agility
 Q - 7 potions of curing
 T - 5 potions of heal wounds
Miscellaneous
 P - a lamp of fire (inert)
Comestibles
 c - 54 rations
 C - 7 chunks of flesh


   Skills:
 - Level 11.4 Fighting
 - Level 12.0 Maces & Flails
 - Level 8.0 Dodging
 - Level 1.7 Stealth
 - Level 5.1 Shields
 - Level 9.0 Spellcasting
 - Level 5.0 Hexes
 - Level 6.0 Charms
 + Level 10.2 Summonings
 - Level 9.0 Necromancy


You had 15 spell levels left.
You knew the following spells:

 Your Spells              Type           Power        Failure   Level  Hunger
a - Summon Small Mammal   Summ           ####         1%          1    None
b - Call Imp              Summ           #######.     1%          2    None
c - Call Canine Familiar  Summ           #######.     1%          3    None
e - Regeneration          Chrm/Necr      ######....   1%          3    None
v - Summon Mana Viper     Hex/Summ       ######..     3%          5    ##.....
w - Spectral Weapon       Hex/Chrm       ######..     1%          3    None

Your spell library contained the following spells:

 Spells                   Type           Power        Failure   Level  Hunger
 Fireball                 Conj/Fire      ###.......   61%         5    ##.....
 Conjure Flame            Conj/Fire      ###.....     9%          3    None
 Throw Flame              Conj/Fire      ###...       4%          2    None
 Freezing Cloud           Conj/Ice/Air   ###.......   99%         6    ####...
 Mephitic Cloud           Conj/Pois/Air  ###.....     9%          3    None
 Ring of Flames           Chrm/Fire      #####.....   100%        7    ######.
 Venom Bolt               Conj/Pois      ###.......   61%         5    ##.....
 Olgreb's Toxic Radiance  Pois           ###.....     28%         4    None
 Sticky Flame             Conj/Fire      ###.....     28%         4    None
 Summon Ice Beast         Ice/Summ       ######..     3%          4    None
 Sting                    Conj/Pois      ###.         2%          1    None
 Stone Arrow              Conj/Erth      ###...       9%          3    None
 Flame Tongue             Conj/Fire      ###..        2%          1    None
 Passwall                 Tmut/Erth      ###.....     4%          2    None
 Summon Butterflies       Summ           #######.     1%          1    None
 Lee's Rapid Deconstruct  Erth           ###.......   61%         5    ##.....
 Sandblast                Erth           ###...       2%          1    None
 Petrify                  Tmut/Erth      ###.....     28%         4    None
 Summon Hydra             Summ           #######...   34%         7    ######.
 Shroud of Golubria       Chrm/Tloc      #####.....   1%          2    None
 Inner Flame              Hex/Fire       #####...     3%          3    None
 Infusion                 Chrm           ####         1%          1    None
 Song of Slaying          Chrm           ######..     1%          2    None
 Summon Lightning Spire   Summ/Air       ######..     3%          4    None
 Summon Guardian Golem    Hex/Summ       ######..     1%          3    None
 Poisonous Vapours        Pois/Air       ###...       4%          2    None


Dungeon Overview and Level Annotations

Branches:
Dungeon (15/15)            Temple (0/1) D:7            Lair (6/6) D:8
 Shoals (0/4) Lair:2        Snake (0/4) Lair:2        Slime (0/5) Lair:5
    Orc (2/2) D:9             Elf (0/3) Orc:2        Vaults (0/5) D:14
 Depths: D:15

Shops:
D:4 !   D:6 !   D:8 *   D:9 %   D:13 (   Orc:2 (:}=

Annotations:
D:11 exclusion: 3 doors
D:15 Agnes
Lair:3 3 runed doors, Vohil's ghost, journeyman MiFi


Innate Abilities, Weirdness & Mutations

You have an increased reservoir of magic. (+10% MP)
Scrolls take you a little longer to read.
You are robust. (+10% HP)


Message History

The freezing wraith misses you.
You block the freezing wraith's attack. x2
The freezing wraith hits you. The freezing wraith drains your vigour!
You feel as though you will be slow longer.
As you read the scroll of teleportation, it crumbles to dust.
You feel strangely unstable.
Unknown command.
The freezing wraith barely misses you. The freezing wraith misses you.
The freezing wraith hits you!
* * * LOW HITPOINT WARNING * * *
The freezing wraith freezes you! You resist.
* * * LOW HITPOINT WARNING * * *
The freezing wraith hits you!
* * * LOW HITPOINT WARNING * * *
The freezing wraith drains your vigour!
You feel as though you will be slow longer.
Your surroundings suddenly seem different.
Agnes hits you with a lajatang of distortion!
* * * LOW HITPOINT WARNING * * *
Space warps horribly around you!
You die...

## #### .. ..##### .#
#.... . .# #..# .
##.#########ยง.# .
##...#.......ih###.
#.@....######SS.5.5
#.<...i...##....5..<##
####.....###.###5####
####.####.###.##
####........#
#...........#
###..######.#### #
#.(.(. ######


You could see Agnes.

Vanquished Creatures
  A very ugly thing (D:14)
  Nessos (D:14)
  A minotaur (Lab)
  5 dire elephants
  Snorg (Lair:4)
  Josephine (Lair:6)
  5 hydras
  A vault guard (D:14)
  An anaconda (Lair:6)
  2 centaur warriors
  Erica (Lair:1)
  A catoblepas (D:13)
  4 two-headed ogres
  4 death yaks (Lair:2)
  4 orc high priests (Orc:2)
  Urug (D:14)
  Sonja (Lair:1)
  A deep elf knight (D:14)
  2 unseen horrors
  2 wizards (D:14)
  A deep elf archer (D:14)
  An orc knight (D:14)
  3 deep elf magi
  2 orc sorcerers (Orc:2)
  2 necromancers (D:14)
  2 manticores
  3 cyclopes
  A salamander (shapeshifter) (D:15)
  7 ugly things
  3 black mambas
  15 elephants
  2 centaur zombies
  2 gargoyles
  11 spiny frogs
  8 komodo dragons
  2 yaktaurs
  4 rime drakes
  An efreet (D:13)
  5 trolls
  17 polar bears
  4 slime creatures (D:14)
  5 hippogriffs
  3 hornets
  A blink frog (Lair:1)
  A meliai zombie (D:14)
  5 dream sheep (Lair:6)
  A shadow (D:13)
  4 wraiths
  42 yaks
  3 wyverns
  A fire elemental (D:14)
  17 humans
  4 basilisks
  Menkaure (D:6)
  2 steam dragons
  2 vampire mosquitoes (D:15)
  2 acid dragons (D:14)
  3 nagas (Lair:2)
  6 wargs (Orc:2)
  2 soldier ants
  A hell hound (D:14)
  10 water moccasins
  16 orc warriors
  6 porcupines
  A sky beast (D:14)
  A black bear (D:10)
  The ghost of biddum the Covered, an amateur MiFi (D:3)
  12 ice beasts
  2 phantoms (D:10)
  A meliai simulacrum (D:15)
  8 ogres
  13 wolves
  7 centaurs
  13 crocodiles
  5 big kobolds
  12 bullfrogs
  2 wyvern skeletons (D:14)
  A hornet simulacrum (D:15)
  15 killer bees
  12 wights
  A troll skeleton (Lab)
  3 electric eels
  3 howler monkeys
  5 crimson imps
  5 quasits
  4 hounds
  8 centaur skeletons
  7 jellies
  32 orc wizards
  A gnoll shaman (D:9)
  30 orc priests
  3 bullfrog skeletons
  5 iguanas
  7 worker ants
  6 hell rats (Lair:1)
  A worker ant zombie (D:9)
  An adder (D:9)
  6 gnolls
  10 river rats (Lair:1)
  2 shadow imps
  4 oozes (D:8)
  A dart slug (D:2)
  4 leopard geckos
  53 orcs
  5 giant cockroaches
  2 goblins
  4 hobgoblins
  7 jackals
  8 quokkas
  2 bats (D:2)
  5 frilled lizards
  19 kobolds
  A leopard gecko skeleton (D:4)
  A leopard gecko zombie (D:5)
  20 rats
  4 plants (Lair:6)
660 creatures vanquished.

Vanquished Creatures (collateral kills)
  A frost giant (IceCv)
  Azrael (D:14)
  A catoblepas (D:14)
  2 two-headed ogres
  Pikel (D:7)
  Joseph (D:8)
  An ice statue (IceCv)
  2 gargoyles
  A spiny frog (Lair:1)
  A freezing wraith (D:14)
  2 trolls (D:8)
  Prince Ribbit (D:8)
  Grinder (D:6)
  A hippogriff (D:7)
  2 slime creatures (D:8)
  5 yaks
  2 fire elementals (D:14)
  A steam dragon (D:7)
  A hell hound (D:14)
  A black bear (D:7)
  A sky beast (D:9)
  An ice beast (D:6)
  A necrophage (D:5)
  4 ogres
  A crocodile (Lair:1)
  2 centaurs
  A bullfrog (Lair:1)
  Blork the orc (D:6)
  A scorpion (D:5)
  5 killer bees
  A wight (D:9)
  5 crimson imps
  2 jellies
  A hound (D:7)
  2 iguanas
  3 orc wizards
  2 worker ants
  A hound skeleton (D:9)
  A gnoll (D:8)
  An adder (D:5)
  2 adder skeletons
  A worm (D:5)
  3 leopard geckos
  13 orcs
  A ball python (D:1)
  3 giant cockroaches (D:1)
  2 hobgoblins (D:1)
  A goblin (D:1)
  2 kobolds (D:1)
  3 rats (D:1)
  A fungus (D:8)
98 creatures vanquished.

Vanquished Creatures (others)
  A necromancer (D:14)
  A slave (D:8)
  An orc priest (D:8)
  An orc wizard (D:8)
  A jackal (D:8)
  9 fungi
  5 plants
  7 spectral weapons
  7 toadstools (D:8)
33 creatures vanquished.

Grand Total: 791 creatures vanquished

Notes
Turn   | Place    | Note
-------+----------+-------------------------------------------
     0 | D:1      | removed the Demigod Summoner began the quest for the Orb.
     0 | D:1      | Reached XP level 1. HP: 14/14 MP: 5/5
   644 | D:1      | Reached XP level 2. HP: 12/20 MP: 4/7
   659 | D:1      | Learned a level 2 spell: Call Imp
  1382 | D:2      | Found a shimmering altar of Xom.
  1875 | D:2      | Reached XP level 3. HP: 20/26 MP: 6/8
  2359 | D:3      | You fall through a shaft!
  2389 | D:4      | Gained mutation: Scrolls take you a little longer to read. [potion of mutation]
  2389 | D:4      | Gained mutation: You are robust. (+10% HP) [potion of mutation]
  2391 | D:4      | HP: 2/42 [something/puff of frost (4)]
  2396 | D:4      | HP: 2/42 [orc wizard/dagger (2)]
  2410 | D:4      | Reached skill level 5 in Summonings
  2410 | D:4      | Reached XP level 4. HP: 5/36 MP: 4/9
  2965 | D:3      | Found a transporter.
  2965 | D:3      | Noticed biddum's ghost (amateur MiFi)
  2978 | D:3      | Found a transporter.
  3997 | D:4      | Noticed an ogre
  4023 | D:4      | Killed an ogre
  4023 | D:4      | Reached XP level 5. HP: 41/41 MP: 4/12
  4110 | D:4      | Found Ikij's Distillery.
  4409 | D:4      | Learned a level 3 spell: Call Canine Familiar
  4410 | D:5      | Entered Level 5 of the Dungeon
  4416 | D:5      | Reached skill level 1 in Fighting
  4819 | D:5      | Noticed a necrophage
  4841 | D:5      | Killed a necrophage
  4927 | D:5      | Reached XP level 6. HP: 41/56 MP: 14/14
  5186 | D:5      | Got a spiked leather armour
  5698 | D:5      | Identified the +3 leather armour "Kejaw" {rCorr} (You found it on level 5 of the Dungeon)
  5876 | D:6      | Reached skill level 1 in Shields
  5886 | D:6      | Noticed Menkaure
  5897 | D:6      | Killed Menkaure
  5897 | D:6      | Reached XP level 7. HP: 56/62 MP: 15/15
  6100 | D:6      | Found a deep blue altar of Sif Muna.
  6157 | D:6      | Noticed Grinder
  6173 | D:6      | Killed Grinder
  6227 | D:6      | Noticed Blork the orc
  6237 | D:6      | Killed Blork the orc
  6310 | D:6      | Found Faessel's Distillery.
  6347 | D:6      | Bought a potion of heal wounds for 65 gold pieces
  6944 | D:6      | Reached XP level 8. HP: 10/70 MP: 17/17
  6955 | D:6      | HP: 3/70 [poisoned by a killer bee]
  6960 | D:6      | HP: 2/70 [poisoned by a killer bee]
  6967 | D:6      | HP: 2/70 [poisoned by a killer bee]
  6975 | D:6      | HP: 1/70 [poisoned by a killer bee]
  7600 | D:7      | Noticed a hippogriff
  7623 | D:7      | Killed a hippogriff
  7623 | D:7      | Reached skill level 5 in Shields
  8001 | D:7      | Found a staircase to the Ecumenical Temple.
  8295 | D:8      | Reached skill level 1 in Maces & Flails
  8398 | D:8      | Reached skill level 2 in Maces & Flails
  8445 | D:8      | Noticed a slime creature
  8445 | D:8      | Noticed a slime creature
  8459 | D:8      | Reached skill level 3 in Maces & Flails
  8552 | D:8      | Killed a slime creature
  8601 | D:8      | Killed a slime creature
  8601 | D:8      | Reached skill level 4 in Maces & Flails
  8601 | D:8      | Reached XP level 9. HP: 62/78 MP: 18/18
  8681 | D:8      | Found Onworrai's General Store.
  8940 | D:7      | Reached skill level 5 in Maces & Flails
  9048 | D:8      | Noticed Pikel
  9055 | D:8      | Found a staircase to the Lair.
  9213 | D:7      | Reached skill level 6 in Maces & Flails
  9471 | D:7      | Paralysed by Pikel for 4 turns
  9480 | D:7      | Paralysed by Pikel for 4 turns
  9481 | D:7      | Killed Pikel
  9481 | D:7      | Reached skill level 7 in Maces & Flails
  9560 | D:8      | Bought a scroll of identify for 28 gold pieces
  9639 | D:8      | Found a large runed door.
  9642 | D:8      | Found a large runed door.
  9671 | D:8      | Noticed a green ugly thing
  9703 | D:8      | Killed a green ugly thing
  9703 | D:8      | Reached skill level 8 in Maces & Flails
  9735 | D:8      | Noticed Joseph
  9805 | D:8      | Noticed Prince Ribbit
  9828 | D:8      | Killed Prince Ribbit
 10112 | D:8      | Found a large runed door.
 10112 | D:8      | Found a large runed door.
 10133 | D:8      | Killed Joseph
 10184 | D:8      | Reached skill level 9 in Maces & Flails
 10184 | D:8      | Reached XP level 10. HP: 55/86 MP: 19/19
 10360 | D:8      | Got a faintly glowing copper ring
 10372 | D:8      | Identified the ring of Eqegemes {rElec rF+} (You took it off an orc on level 8 of the Dungeon)
 10423 | D:8      | Bought 3 scrolls of identify for 84 gold pieces
 10423 | D:8      | Bought a scroll of identify for 28 gold pieces
 10561 | D:9      | Found a staircase to the Orcish Mines.
 10584 | D:9      | Found a roughly hewn altar of Beogh.
 10764 | D:9      | Found Olufeb's Food Shop.
 11106 | D:9      | Got a slimy granite ring
 11147 | D:9      | Reached skill level 10 in Maces & Flails
 11223 | D:9      | Reached skill level 5 in Fighting
 11443 | D:9      | Found a glowing silver altar of Zin.
 11466 | D:9      | Got a brightly glowing leather armour
 11767 | D:9      | Identified the ring "Cihur" {*Drain *Slow rN+ Dex+8 SInv} (You found it on level 9 of the Dungeon)
 11844 | D:9      | Identified the +2 leather armour "Baj Kuo" {*Contam rCorr Dex+3} (You found it on level 9 of the Dungeon)
 12058 | D:10     | Entered Level 10 of the Dungeon
 12216 | D:10     | Killed an unseen horror
 12383 | D:10     | Learned a level 3 spell: Regeneration
 12485 | D:10     | Reached skill level 1 in Necromancy
 13056 | D:10     | Noticed a two-headed ogre
 13075 | D:10     | Killed a two-headed ogre
 13361 | D:11     | Reached XP level 11. HP: 64/100 MP: 21/21
 13521 | D:11     | Noticed a two-headed ogre
 13558 | D:11     | Killed a two-headed ogre
 13558 | D:11     | Reached skill level 5 in Necromancy
 14142 | D:11     | Noticed a six-headed hydra
 14985 | D:3      | Killed biddum's ghost
 15134 | Lair:1   | Entered Level 1 of the Lair of Beasts
 15371 | Lair:1   | Noticed Erica
 15389 | Lair:1   | Killed Erica
 15509 | Lair:1   | Noticed Sonja
 15517 | Lair:1   | Killed Sonja
 15591 | Lair:1   | Reached skill level 11 in Maces & Flails
 16742 | Lair:2   | Found a labyrinth entrance.
 16758 | Lair:2   | Reached skill level 12 in Maces & Flails
 16837 | Lair:2   | Reached XP level 12. HP: 71/111 MP: 17/22
 16890 | Lab      | Entered a labyrinth
 17397 | Lab      | Noticed a minotaur
 17409 | Lab      | Killed a minotaur
 17677 | Lair:2   | Found a staircase to the Shoals.
 17813 | Lair:2   | Reached skill level 5 in Dodging
 18229 | Lair:2   | Found a staircase to the Snake Pit.
 18833 | Lair:3   | Found a runed gate.
 18833 | Lair:3   | Found a runed gate.
 18837 | Lair:3   | Found a runed gate.
 19182 | Lair:3   | Noticed Vohil's ghost (journeyman MiFi)
 20532 | Lair:5   | Noticed Snorg
 20567 | Lair:4   | Killed Snorg
 20567 | Lair:4   | Reached skill level 5 in Spellcasting
 20925 | Lair:5   | Got a dazzling leather armour
 20950 | Lair:5   | Reached skill level 1 in Charms
 21205 | Lair:5   | Found a staircase to the Slime Pits.
 21205 | Lair:5   | Found a viscous altar of Jiyva.
 22386 | Lair:5   | Identified the cursed +1 leather armour of the Morning Star {+Blink rC- rN++ SInv} (You found it on level 5 of the Lair of Beasts)
 22400 | Lair:6   | Entered Level 6 of the Lair of Beasts
 22409 | Lair:5   | Reached XP level 13. HP: 122/122 MP: 25/25
 22767 | Lair:5   | Learned a level 3 spell: Spectral Weapon
 23280 | Lair:6   | Reached skill level 5 in Charms
 24129 | Lair:6   | Noticed a dire elephant
 24148 | Lair:6   | Killed a dire elephant
 24284 | Lair:6   | Noticed a dire elephant
 24295 | Lair:6   | Killed a dire elephant
 24326 | Lair:6   | Noticed Josephine
 24400 | Lair:6   | Killed Josephine
 24605 | Lair:6   | Noticed a dire elephant
 25211 | Lair:6   | Killed a dire elephant
 25320 | Lair:6   | Noticed a dire elephant
 25320 | Lair:6   | Noticed a dire elephant
 25494 | Lair:5   | Killed a dire elephant
 25910 | Lair:6   | Got a slimy iron ring
 25917 | Lair:6   | Identified the ring "Cikhlia" {Str-3 Int+8 SInv} (You found it on level 6 of the Lair of Beasts)
 25991 | Lair:6   | Noticed a dire elephant
 26006 | Lair:6   | Killed a dire elephant
 26685 | D:12     | Reached skill level 10 in Fighting
 27238 | Orc:1    | Entered Level 1 of the Orcish Mines
 27325 | Orc:2    | Entered Level 2 of the Orcish Mines
 27344 | Orc:2    | Learned a level 5 spell: Summon Mana Viper
 27554 | Orc:2    | Reached skill level 1 in Hexes
 28279 | Orc:2    | Reached XP level 14. HP: 120/133 MP: 27/29
 28626 | Orc:2    | Found Hiucoyrgh's Antique Weapon Shop.
 28626 | Orc:2    | Found Viwanew's Jewellery Boutique.
 28626 | Orc:2    | Found Heh Weurio's Book Shop.
 28636 | Orc:2    | Found Weifyrol's Gadget Boutique.
 28713 | Orc:2    | Found a staircase to the Elven Halls.
 29827 | D:13     | Reached skill level 5 in Hexes
 30666 | D:13     | Found Zirukhlups's Weapon Shop.
 31366 | D:13     | Found a shattered altar of Ashenzari.
 31701 | D:14     | Noticed Azrael
 31728 | D:14     | Killed Azrael
 31856 | D:14     | Noticed Urug
 31880 | D:14     | Killed Urug
 31912 | D:14     | Found a shadowy altar of Dithmenos.
 31930 | D:14     | Found the +8 demon blade "Leech" {vamp, rN+ AC-3 EV-3}
 32227 | D:14     | Found a frozen archway.
 32285 | IceCv    | Entered an ice cave
 32759 | IceCv    | Reached skill level 10 in Summonings
 32885 | IceCv    | Noticed a frost giant
 32964 | IceCv    | Killed a frost giant
 34155 | D:14     | Found a gate to the Vaults.
 34297 | D:14     | Noticed Nessos
 34320 | D:14     | Killed Nessos
 35482 | D:15     | Entered Level 15 of the Dungeon
 35489 | D:15     | Reached XP level 15. HP: 141/141 MP: 32/32
 36104 | D:15     | Noticed Agnes
 36145 | D:15     | Slain by Agnes

Vault maps used:
D:1:      dpeg_arrival_signposts, minmay_split_cup_small
D:2:      xom_teletrap_fun
D:3:      gammafunk_ghost_stat_death, grunt_ministairs_2
D:4:      first_ration, serial_shops, nicolae_shop_trees
D:6:      serial_shops, nicolae_shop_waterfront, led_sif_pool,
          uniq_blork_the_orc, uniq_menkaure, uniq_grinder
D:7:      temple_green
D:8:      cheibrodos_fertilizer, lair_entry_dummy, serial_shops,
          nicolae_shop_competitors_out_of_business,
          minmay_hollow_rounded_squares, uniq_prince_ribbit1, uniq_joseph,
          uniq_pikel
D:9:      minmay_orc_entry_temple_small, basic_altar, serial_bayou,
          serial_bayou_pond_e, serial_bayou_pond_b, serial_bayou_shore_b,
          serial_bayou_lake_a, serial_bayou_pond_c, hangedman_pestilent_swarm,
          corexii_leaking_fountain, minmay_shop_grid_forest
D:10:     kennysheep_pointless_box
D:13:     serial_shops, shop, kennysheep_flooded_box
D:14:     minmay_the_grid_octo_2x2, grunt_vaults_entry_tiered,
          portal_ice_cave_entry_ice_beasts, nicolae_two_hexagons, uniq_nessos,
          uniq_azrael, uniq_urug
D:15:     gammafunk_enter_depths_forms, nicolae_benzene_ring, uniq_agnes
Lair:1:   lemuel_ratsnest, grunt_megastairs_1, uniq_sonja, uniq_erica
Lair:2:   minmay_shoals_entry_beasts, guppyfry_snake_entry_garden,
          lab_entry_generic, grunt_megastairs_2
Lair:3:   gammafunk_ghost_necromancy
Lair:4:   lemuel_fruit_tree, serial_bayou_shore_a
Lair:5:   slime_altar_1, serial_bayou_shore_b, uniq_snorg
Lair:6:   due_jungle_book, serial_bayou_shore_b, infiniplex_staircase_pool,
          uniq_josephine
Orc:2:    st_orc_mages, nooodl_orcs_dogs
Lab:      nicolae_lab_dead_adventurers, nicolae_lab_starburst,
          labyrinth_glass_1, nicolae_lab_hexagon, nicolae_lab_big_swirl,
          labyrinth_skeletal_remains
IceCv:    ice_cave_small_giant

Skill      XL: |  1  2  3  4  5  6  7  8  9 10 11 12 13 14 |
---------------+-------------------------------------------+-----
Summonings     | 4 5 6 7 10 | 10.2
Spellcasting   | 2 3 4 5 7 9 |  9.0
Fighting       | 3 4 6 8 9 10 11 | 11.4
Dodging        | 3 4 8 |  8.0
Shields        | 2 3 5 |  5.1
Maces & Flails | 4 9 10 12 | 12.0
Necromancy     | 4 7 8 9 |  9.0
Charms         | 1 6 |  6.0
Hexes          | 3 5 |  5.0
Stealth        | |  1.7

Action                   |  1- 3 |  4- 6 |  7- 9 | 10-12 | 13-15 || total
-------------------------+-------+-------+-------+-------+-------++-------
Melee: Whip              |    15 |       |       |       |       ||    15
       Dagger            |    65 |    19 |       |       |       ||    84
       Trident           |       |   131 |    64 |       |       ||   195
       Morningstar       |       |       |    73 |       |       ||    73
       Demon whip        |       |       |   274 |  1328 |  2141 ||  3743
 Fire: Blowgun           |       |       |       |     1 |       ||     1
Throw: Stone             |     5 |       |       |       |       ||     5
 Cast: Summon Small Mamm |    35 |     9 |       |       |       ||    44
       Call Imp          |     4 |    13 |    51 |    67 |    19 ||   154
       Call Canine Famil |       |     6 |    24 |    34 |     2 ||    66
       Regeneration      |       |       |       |    17 |   100 ||   117
       Spectral Weapon   |       |       |       |       |    16 ||    16
       Summon Mana Viper |       |       |       |       |    16 ||    16
Evoke: Wand              |       |       |     1 |    10 |    15 ||    26
       Lamp of fire      |       |       |       |     1 |     1 ||     2
  Use: Potion            |     4 |     1 |       |     1 |     3 ||     9
       Scroll            |       |       |     4 |    21 |     5 ||    30
 Stab: Sleeping          |     3 |     4 |     3 |     4 |     2 ||    16
       Distracted        |       |       |     4 |    11 |     2 ||    17
       Paralysed         |       |       |       |     4 |     9 ||    13
       Petrified         |       |       |       |       |     4 ||     4
  Eat: Chunk             |     4 |     6 |    13 |    38 |    50 ||   111
       Ration            |       |     2 |     1 |     1 |     1 ||     5
Armor: Robe              |    26 |    44 |       |       |       ||    70
       Skin              |    18 |     2 |       |       |       ||    20
       Leather armour    |       |     4 |   150 |   300 |   357 ||   811
Dodge: Dodged            |    61 |    96 |   286 |   563 |   974 ||  1980
Block: Buckler           |       |     4 |   180 |   323 |   548 ||  1055

Table legend:
 A = Spawn XP
 B = Non-spawn XP
 C = Spawn XP percentage of total XP
 D = Spawn monster count
 E = Non-spawn monster count
 F = Spawn count percentage of total count
 G = Total turns spent on level
                    A         B        C        D         E        F      G
               +---------+---------+-------+---------+---------+-------+---------
         Total |       0 |  129656 |   0.0 |       0 |     756 |   0.0 | 36145
               +---------+---------+-------+---------+---------+-------+---------
           D:1 |       0 |      27 |   0.0 |       0 |      23 |   0.0 |  1368
           D:2 |       0 |      23 |   0.0 |       0 |      12 |   0.0 |   904
           D:3 |       0 |     269 |   0.0 |       0 |      17 |   0.0 |  1274
           D:4 |       0 |     153 |   0.0 |       0 |      11 |   0.0 |  1006
           D:5 |       0 |     436 |   0.0 |       0 |      16 |   0.0 |  1409
           D:6 |       0 |    1103 |   0.0 |       0 |      23 |   0.0 |  1885
           D:7 |       0 |    1856 |   0.0 |       0 |      24 |   0.0 |  1315
           D:8 |       0 |    3274 |   0.0 |       0 |      57 |   0.0 |  1592
           D:9 |       0 |    1843 |   0.0 |       0 |      40 |   0.0 |  1726
          D:10 |       0 |    4116 |   0.0 |       0 |      37 |   0.0 |  1309
          D:11 |       0 |    3893 |   0.0 |       0 |      35 |   0.0 |  1561
          D:12 |       0 |    4972 |   0.0 |       0 |      36 |   0.0 |  1164
          D:13 |       0 |    3590 |   0.0 |       0 |      11 |   0.0 |  1661
          D:14 |       0 |   28215 |   0.0 |       0 |      88 |   0.0 |  2862
          D:15 |       0 |    7452 |   0.0 |       0 |      17 |   0.0 |   663
        Lair:1 |       0 |    6285 |   0.0 |       0 |      58 |   0.0 |  1548
        Lair:2 |       0 |    8753 |   0.0 |       0 |      21 |   0.0 |  1180
        Lair:3 |       0 |    2254 |   0.0 |       0 |      10 |   0.0 |  1042
        Lair:4 |       0 |    2969 |   0.0 |       0 |      12 |   0.0 |  1384
        Lair:5 |       0 |   11780 |   0.0 |       0 |      40 |   0.0 |  3120
        Lair:6 |       0 |   15944 |   0.0 |       0 |      37 |   0.0 |  2114
         Orc:1 |       0 |     462 |   0.0 |       0 |       9 |   0.0 |  1025
         Orc:2 |       0 |    9664 |   0.0 |       0 |      84 |   0.0 |  1465
           Lab |       0 |    1327 |   0.0 |       0 |       2 |   0.0 |   590
         IceCv |       0 |    8996 |   0.0 |       0 |      36 |   0.0 |   978
               +---------+---------+-------+---------+---------+-------+---------
